 Dungeon Crawl Stone Soup version 0.18.1-8-gdd0e5ea (webtiles) character file.

35 GeneralIdiocy the Skirmisher (level 3, -2/29 HPs)
             Began as a Demonspawn Gladiator on June 4, 2016.
             Slain by a goblin
             ... wielding a +0 club
             ... led by Robin
              (3 damage)
             ... on level 1 of the Dungeon.
             The game lasted 00:01:11 (858 turns).

GeneralIdiocy the Skirmisher (Demonspawn Gladiator)  Turns: 858, Time: 00:01:12

Health: -2/29      AC:  4    Str: 15    XL:     3   Next: 16%
Magic:  3/3        EV: 14    Int: 10    God:
Gold:   37         SH:  0    Dex: 13    Spells: 0 memorised, 2 levels left

rFire  . . .     SeeInvis .     a - +0 long sword
rCold  . . .     Gourm    .     b - +0 leather armour
rNeg   . . .     Faith    .     (no shield)
rPois  .         Spirit   .     c - +0 helmet
rElec  .         Dismiss  .     (no cloak)
rCorr  .         Reflect  .     (no gloves)
SustAt .         Harm     .     (no boots)
MR     .....     Rnd*Tele +     (no amulet)
Stlth  +.........               (no ring)
                                g - ring of teleportation (curse)

@: not resistant to hostile enchantments, very unstealthy
A: repulsion field 1, powered by death 1
a: no special abilities


You were on level 1 of the Dungeon.
You were not hungry.

You visited 1 branch of the dungeon, and saw 2 of its levels.

You collected 37 gold pieces.

Inventory:

Hand Weapons
 a - a +0 long sword (weapon)
Missiles
 d - 3 throwing nets (quivered)
Armour
 b - a +0 leather armour (worn)
 c - a +0 helmet (worn)
Jewellery
 g - a cursed ring of teleportation (left hand)
Scrolls
 h - a scroll of teleportation {unknown}
 i - a scroll of fear {unknown}
 j - a scroll of identify {unknown}
Potions
 e - a potion of flight {unknown}
 k - a potion of heal wounds {unknown}
Comestibles
 f - a bread ration
 l - 3 slices of pizza


   Skills:
 + Level 3.6 Fighting
 - Level 2.6 Long Blades
 - Level 1.7 Throwing
 - Level 2.6 Dodging


You had 2 spell levels left.
You didn't know any spells.

Dungeon Overview and Level Annotations

Branches:
Dungeon (2/15)

Altars:

Annotations:
D:1 Robin


Innate Abilities, Weirdness & Mutations

You are surrounded by a mild repulsion field (EV +2).
You regenerate a little health from kills.


Message History

Robin barely misses you. The goblin closely misses you.
The goblin hits you with a club. The goblin hits you with a club!
There is a stone staircase leading up here.
Robin says, "A pitiful Demonspawn like you will never find the ORB!"
The goblin hits you with a club. The goblin barely misses you.
The goblin hits you with a club.
You climb upwards.
There is a stone staircase leading down here.
You closely miss the goblin. The goblin hits you with a club!
The goblin closely misses you. The goblin barely misses you.
You barely miss the goblin. The goblin closely misses you.
The goblin hits you with a club. The goblin barely misses you.
You miss the goblin.
You feel less regenerative. The goblin closely misses you.
The goblin hits you with a club!
* * * LOW HITPOINT WARNING * * *
The goblin hits you with a club.
* * * LOW HITPOINT WARNING * * *
The goblin hits you with a club.
You die...

#.##)..#.###.#.#.##.#.#
#.##.##.## #.#>#.##.#.#
#.##.#### #.#.#.##.#.#
#.##.#######.#.#....#.##
#.##..................#.
#.##...........####.(...
#.###..g.#####.# #.###.
#.# #.#g## #.####.###. #.#
#.#@## #..........
#.####g#g##########.###.
##.#.....................
##....##.#.##########.....
#.....#.....# #######
#......#.#.## ###......
#.###.......# ##...##.##
#.###.##.#.## #..###...#
#.....#.....# #.## #.⌠.#


You could see Robin and 3 goblins.

Vanquished Creatures
  An ooze (D:1)
  2 dart slugs (D:1)
  2 bats (D:1)
  A giant cockroach (D:1)
  3 hobgoblins (D:1)
  2 kobolds (D:1)
  A ball python (D:1)
  2 giant newts (D:1)
  6 goblins (D:1)
  4 rats (D:1)
24 creatures vanquished.

Notes
Turn   | Place    | Note
--------------------------------------------------------------
     0 | D:1      | GeneralIdiocy the Demonspawn Gladiator began the quest for the Orb.
     0 | D:1      | Reached XP level 1. HP: 16/16 MP: 1/1
   169 | D:1      | Gained mutation: You are surrounded by a mild repulsion field (EV +2). [demonic ancestry]
   169 | D:1      | Reached XP level 2. HP: 21/23 MP: 2/2
   212 | D:1      | Reached skill level 3 in Fighting
   835 | D:2      | Noticed Robin
   839 | D:1      | Gained mutation: You regenerate a little health from kills. [demonic ancestry]
   839 | D:1      | Reached XP level 3. HP: 28/29 MP: 3/3
   858 | D:1      | HP: 1/29 [goblin/club[Robin] (3)]
   858 | D:1      | Slain by a goblin

Skill      XL: |  1  2 |
---------------+-------+-----
Fighting       | 3 |  3.6
Long Blades    | |  2.6
Throwing       | |  1.7
Dodging        | |  2.6

Action                   || total
-------------------------++-------
Melee: Long sword        ||    69
 Stab: Sleeping          ||     1
Armor: Leather armour    ||    24
Dodge: Dodged            ||    61
